 Dungeon Crawl Stone Soup version 0.23-a0-644-gb60d84b635 (webtiles) character file.

23 obri the Grave Robber (level 3, 1/23 HPs)
             Began as an Octopode Wanderer on Jan 1, 2019.
             Quit the game on level 2 of the Dungeon.
             The game lasted 00:02:37 (970 turns).

obri the Grave Robber (Octopode Wanderer)            Turns: 970, Time: 00:02:37

Health: 1/23       AC:  3    Str: 12    XL:     3   Next: 0%
Magic:  4/5        EV: 13    Int: 17    God:
Gold:   32         SH:  0    Dex: 10    Spells: 3/4 levels left

rFire    . . .     SeeInvis .   d - +0 club
rCold    . . .     Gourm    .   (no shield)
rNeg     . . .     Faith    .   (helmet restricted)
rPois    .         Spirit   .   (no amulet)
rElec    .         Reflect  .   (no ring)
rCorr    .         Harm     .   (no ring)
MR       .....                  (no ring)
Stlth    ++........             (no ring)
HPRegen  0.07/turn              (no ring)
MPRegen  0.09/turn              (no ring)
                                (no ring)
                                (no ring)

@: lethally poisoned (1 -> -4)
A: almost no armour, stealthy swim, amphibious, 8 rings, constrict 8, icy blue
scales 1, camouflage 1, clever 1, gelatinous body 1, evolution 1
a: no special abilities


You were on level 2 of the Dungeon.
You were not hungry.

You visited 1 branch of the dungeon, and saw 2 of its levels.

You collected 32 gold pieces.

Inventory:

Hand Weapons
 d - a +0 club (weapon)
 e - a +0 spear
Missiles
 g - 23 stones (quivered)
 h - 18 arrows
Wands
 c - a wand of random effects (15)
Scrolls
 a - a scroll of magic mapping {unknown}
 i - a scroll of identify {unknown}
 j - a scroll of blinking {unknown}
 k - 2 scrolls of enchant armour {unknown}
Comestibles
 f - a ration


   Skills:
 - Level 1.0 Fighting
 - Level 2.0 Maces & Flails
 + Level 1.6 Dodging
   Level 1.0 Shields
 + Level 1.4 Spellcasting
 - Level 4.0 Necromancy
   Level 1.0 Earth Magic
 - Level 1.1 Evocations


You had 3 spell levels left.
You knew the following spells:

 Your Spells              Type           Power        Failure   Level  Hunger
a - Pain                  Necr           ##..         4%          1    ##.....

Your spell library contained the following spells:

 Spells                   Type           Power        Failure   Level  Hunger
 Animate Skeleton         Necr           N/A          4%          1    ##.....
 Vampiric Draining        Necr           ##........   12%         3    ####...
 Sting                    Conj/Pois      #...         21%         1    ##.....
 Regeneration             Chrm/Necr      #.........   26%         3    ####...
 Spider Form              Tmut/Pois      #.........   52%         3    ####...
 Animate Dead             Necr           N/A          36%         4    #####..


Dungeon Overview and Level Annotations

Branches:
Dungeon (2/15)

Altars:

Annotations:
D:1 exclusion: door


Innate Abilities, Weirdness & Mutations

You cannot wear most types of armour.
You are very stealthy in the water. (Stealth+)
You are amphibious.
You can wear up to eight rings at the same time.
You can use your tentacles to constrict eight enemies at once.
Your skin changes colour to match your surroundings (Stealth+).
Your rubbery body absorbs attacks. (AC +1, EV +1)
You are partially covered in icy blue scales. (AC +2)
Your mind is acute. (Int +2)
You evolve.


Message History

Casting: Pain (safe; 3% risk of failure)
Okay, then.
You feel extremely strange.
You shed all your fur.
You feel stupid. x2; You feel clever.
You feel nature experimenting on you.
Don't worry, failures die fast.
There is a lethal amount of poison in your body!
Memorise Regeneration, consuming 3 spell levels and leaving 0?
Your memorisation is interrupted.
* * * LOW HITPOINT WARNING * * *
You feel sick.
Casting: Pain (safe; 4% risk of failure)
Okay, then.
Memorise Regeneration, consuming 3 spell levels and leaving 0?
You start memorising the spell.
You continue memorising. x2
Your memorisation is interrupted.
* * * LOW HITPOINT WARNING * * *
You feel sick.
Casting: Pain (safe; 4% risk of failure)
Okay, then.
You see here a stone.

.....# ....##### .........
.(....... #(.......
##########........
#.[...........#
#.........@...#
####....)....########
.............'.......
######......)########
#######...)...#
###.............######...
................รท........
###......#############...
###......#


There were no monsters in sight!

Vanquished Creatures
  An adder (D:2)
  A ball python (D:1)
  4 goblins
  A hobgoblin (D:2)
  2 jackals (D:2)
  A kobold (D:2)
  A bat (D:1)
  A frilled lizard (D:2)
  A rat (D:1)
13 creatures vanquished.

Notes
Turn   | Place    | Note
-------+----------+-------------------------------------------
     0 | D:1      | obri the Octopode Wanderer began the quest for the Orb.
     0 | D:1      | obri set off with the following items: a wand of random
                  | effects (15), a +0 club, a ration; and the following spells
                  | available to memorise: Animate Skeleton, Pain, Vampiric
                  | Draining, Sting, Regeneration, Animate Dead, Spider Form
     0 | D:1      | Reached XP level 1. HP: 13/13 MP: 1/1
   480 | D:2      | Reached skill level 1 in Dodging
   480 | D:2      | Reached XP level 2. HP: 7/18 MP: 3/3
   666 | D:2      | Learned a level 1 spell: Pain
   680 | D:2      | Reached skill level 1 in Spellcasting
   957 | D:2      | Reached XP level 3. HP: 7/23 MP: 3/5
   958 | D:2      | Gained mutation: You are partially covered in icy blue
                  | scales. (AC +2) [potion of mutation]
   958 | D:2      | Gained mutation: Your mind is acute. (Int +2) [potion of
                  | mutation]
   958 | D:2      | Gained mutation: Your mind is very acute. (Int +4) [potion
                  | of mutation]
   958 | D:2      | Gained mutation: You are covered in fur. (AC +1) [potion of
                  | mutation]
   964 | D:2      | Lost mutation: You are covered in fur. (AC +1) [potion of
                  | mutation]
   964 | D:2      | Lost mutation: Your mind is very acute. (Int +4) [potion of
                  | mutation]
   964 | D:2      | Lost mutation: Your mind is acute. (Int +2) [potion of
                  | mutation]
   964 | D:2      | Gained mutation: Your mind is acute. (Int +2) [potion of
                  | mutation]
   964 | D:2      | Gained mutation: You evolve. [potion of mutation]
   968 | D:2      | HP: 1/23 [poisoned by an adder]
   970 | D:2      | Quit the game

Vault maps used:
D:1:      evilmike_arrival_run_for_it

Skill      XL: |  1  2 |
---------------+-------+-----
Dodging        | 1 |  1.6
Spellcasting   | 1 |  1.4
Fighting       | |  1.0
Maces & Flails | |  2.0
Shields        | |  1.0
Necromancy     | |  4.0
Earth Magic    | |  1.0
Evocations     | |  1.1

Action                   || total
-------------------------++-------
Melee: Club              ||    35
       Constrict         ||     7
       Tentacles         ||     2
Throw: Stone             ||     3
  Use: Potion            ||     2
 Stab: Sleeping          ||     1
Armor: Skin              ||     4
Dodge: Dodged            ||    15

Table legend:
 A = Non-vault XP
 B = Vault XP
 C = Vault XP percentage of total XP
 D = Non-vault monster count
 E = Vault monster count
 F = Vault count percentage of total count
                 A         B        C        D         E       F
            +---------+---------+-------+---------+---------+-------
      Total |      34 |       0 |   0.0 |      13 |       0 |   0.0
            +---------+---------+-------+---------+---------+-------
        D:1 |       6 |       0 |   0.0 |       4 |       0 |   0.0
        D:2 |      28 |       0 |   0.0 |       9 |       0 |   0.0
            +---------+---------+-------+---------+---------+-------
